 Dungeon Crawl Stone Soup version 0.19-a0-1261-g420a265 (webtiles) character file.

8 Banto the Skirmisher (level 1, -1/19 HPs)
             Began as a Demigod Wanderer on Aug 29, 2016.
             Slain by a worm (11 damage)
             ... on level 2 of the Dungeon.
             The game lasted 00:00:34 (335 turns).

Banto the Skirmisher (Demigod Wanderer)              Turns: 335, Time: 00:00:35

Health: -1/19      AC:  2    Str: 15    XL:     1   Next: 80%
Magic:  3/3        EV: 12    Int: 15    God:
Gold:   45         SH:  0    Dex: 16    Spells: 0 memorised, 0 levels left

rFire  . . .     SeeInvis .     a - +2 falchion
rCold  . . .     Gourm    .     d - +0 robe
rNeg   . . .     Faith    .     (no shield)
rPois  .         Spirit   .     (no helmet)
rElec  .         Dismiss  .     (no cloak)
rCorr  .         Reflect  .     (no gloves)
MR     .....     Harm     .     (no boots)
Stlth  +.........               (no amulet)
                                (no ring)
                                (no ring)

@: no status effects
A: high mp 1
a: no special abilities


You were on level 2 of the Dungeon.
You were not hungry.

You visited 1 branch of the dungeon, and saw 2 of its levels.

You collected 45 gold pieces.

Inventory:

Hand Weapons
 a - a +2 falchion (weapon)
 k - a +0 hunting sling
Missiles
 i - 5 stones (quivered)
Armour
 d - a +0 robe (worn)
Scrolls
 b - 2 scrolls of teleportation
 e - a scroll of enchant armour {unknown}
Potions
 c - a potion of curing
 j - a potion of brilliance {unknown}
Comestibles
 f - a bread ration
 g - a meat ration
 h - a beef jerky


   Skills:
 - Level 3.6 Fighting
 + Level 1.9 Long Blades
   Level 1.0 Axes
 - Level 1.7 Throwing
 - Level 1.0 Armour
 - Level 1.0 Dodging


You couldn't memorise any spells.
You didn't know any spells.

Dungeon Overview and Level Annotations

Branches:
Dungeon (2/15)


Innate Abilities, Weirdness & Mutations

You have an increased reservoir of magic. (+10% MP)


Message History

You hit the hobgoblin.
You kill the hobgoblin!
No target in view!
No target in view!
Found a robe.
You see here a dagger.
You now have 45 gold pieces (gained 13).
A worm comes into view.
A worm is nearby!
A worm is nearby!
Found 9 gold pieces.
You slash the worm!
The worm is moderately wounded.
The worm bites you!
You take 8 damage, and have 10/19 hp.
MASSIVE DAMAGE!!
You barely miss the worm.
The worm is moderately wounded.
The worm bites you!
Ouch! That really hurt!
You die...

.#...##.#.......
#######.#......
......(.# # #.#.....# .#
## #.#.....#####.#...
#...............##
#..............#
#.###.......##.#
#.##....@....... ##
#.##.....w.....#
.########.##...........#
..........##.......$...#
.###########..........##
.###.... ..#.#.#######
)...[# .....#.# ....##
.#.###.# .....#


You could see a worm.

Vanquished Creatures
  A bat (D:1)
  2 hobgoblins
  2 goblins (D:1)
  2 kobolds
  A rat (D:2)
8 creatures vanquished.

Notes
Turn   | Place    | Note
-------+----------+-------------------------------------------
     0 | D:1      | Banto the Demigod Wanderer began the quest for the Orb.
     0 | D:1      | Banto set off with: a +2 falchion, a scroll of teleportation, a potion of curing, a +0 robe, a bread ration
     0 | D:1      | Reached XP level 1. HP: 19/19 MP: 3/3
   335 | D:2      | Slain by a worm

Vault maps used:
D:1:      eino_arrival_cavern_a
D:2:      minmay_rats_cheesy_pizza, uniq_terence

Action                   || total
-------------------------++-------
Melee: Falchion          ||    16
Armor: Robe              ||     5
Dodge: Dodged            ||     8

Table legend:
 A = Turns spent in this place as a percentage of turns spent in the entire game.
 B = Non-inter-level travel turns spent in this place as a percentage of non-inter-level travel turns spent in the entire game.
 C = Inter-level travel turns spent in this place as a percentage of turns spent in this place.
 D = Turns resting spent in this place as a percentage of non-inter-level travel turns spent in this place.
 E = Turns spent auto-exploring this place as a percentage of non-inter-level travel turns spent in this place.
 F = Non-inter-level travel turns spent in this place divided by the number of levels of this place that you've seen.
                   A       B       C       D       E      F
               +-------+-------+-------+-------+-------+----------------------
         Total | 100.0 | 100.0 |   0.0 |   1.7 |  14.4 |  59.0
       Dungeon | 100.0 | 100.0 |   0.0 |   1.7 |  14.4 |  59.0
               +-------+-------+-------+-------+-------+----------------------

Table legend:
 A = Kills in this place as a percentage of kills in entire the game.
 B = Kills by you in this place as a percentage of kills by you in the entire game.
 C = Kills by friends in this place as a percentage of kills by friends in the entire game.
 D = Other kills in this place as a percentage of other kills in the entire game.
 E = Experience gained in this place as a percentage of experience gained in the entire game.
 F = Experience gained in this place divided by the number of levels of this place that you have seen.
                   A       B       C       D       E      F
               +-------+-------+-------+-------+-------+----------------------
         Total | 100.0 | 100.0 |  -nan |  -nan | 100.0 |   6.0
       Dungeon | 100.0 | 100.0 |  -nan |  -nan | 100.0 |   6.0
               +-------+-------+-------+-------+-------+----------------------
